cohdb
Replays
Latest Replays
All Replays
Popular Replays
Top Player Replays
Match Explorer
How It Works
Community
CoH3 Stats
Reddit
Sign in to upload your games and track your stats! →
Sign in with Steam
Match 42516202
Unlisted
Match 42516202
Overview
Messages
Build Orders
End
Vickers Machine Gun Team
Construct Section Command Post
Infantry Section
Infantry Section
Infantry Section
Construct Platoon Command Post
Selects Indian Artillery Battlegroup
Selects Towed ML 4.2-inch Heavy Mortar
Grenade Package
Towed ML 4.2-inch Heavy Mortar
Selects Valour
6-pounder Anti-tank Gun Team
Selects Gurkha Rifles Section
Construct Company Command Post
Selects Off-map Airburst Barrage
Foot Guards Section
Crusader II Medium Tank
Selects Volunteer Infantry
Selects Perimeter Monitor
Matilda II Heavy Tank
Off-map Airburst Barrage
Unlock Towed 17-pounder Anti-tank Guns
Off-map Airburst Barrage
A Plucky Brit
Wü
Guderian ITA
Fajolada
0
0
Comments
sign in to comment!
No comments posted yet!